Dernière mise à jour: 2025-12-07 16:11:59
% Time on Ice - OKANAGAN RATTLESNAKES
Lines # - Real PCT - Wanted PCT - Time Play
Normal Forward
1 - 31% - 36% - 15:27
2 - 29% - 31% - 14:38
3 - 33% - 23% - 16:21
4 - 7% - 10% - 3:26
Normal Defense
1 - 32% - 36% - 16:09
2 - 29% - 31% - 14:23
3 - 26% - 23% - 12:56
4 - 13% - 10% - 6:24
PP Forward
1 - 44% - 55% - 0:52
2 - 56% - 45% - 1:07
PP Defense
1 - 54% - 55% - 1:04
2 - 46% - 45% - 0:55
PK Forward
1 - 72% - 55% - 4:26
2 - 28% - 45% - 1:44
PK Defense
1 - 70% - 55% - 4:20
2 - 30% - 45% - 1:50
PK3 Forward
1 - 77% - 55% - 1:22
2 - 23% - 45% - 0:24
PK3 Defense
1 - 57% - 55% - 1:00
2 - 43% - 45% - 0:46
44 Forward
1 - 100% - 55% - 0:13
2 - 0% - 45% - 0:00
44 Defense
1 - 100% - 55% - 0:13
2 - 0% - 45% - 0:00
Last Minute Offensive  - 0:00
Last Minute Defensive  - 0:00
Total
Forward - 60:00
Defense - 60:00
% Time on Ice - SASKATOON DUCKS
Lines # - Real PCT - Wanted PCT - Time Play
Normal Forward
1 - 30% - 30% - 14:53
2 - 24% - 25% - 12:02
3 - 24% - 25% - 11:52
4 - 22% - 20% - 11:05
Normal Defense
1 - 33% - 31% - 16:25
2 - 33% - 31% - 16:22
3 - 27% - 23% - 13:37
4 - 7% - 15% - 3:28
PP Forward
1 - 61% - 55% - 3:45
2 - 39% - 45% - 2:25
PP Defense
1 - 52% - 55% - 3:13
2 - 48% - 45% - 2:57
PK Forward
1 - 59% - 55% - 1:10
2 - 41% - 45% - 0:49
PK Defense
1 - 58% - 55% - 1:09
2 - 42% - 45% - 0:50
PK3 Forward
1 - 0% - 55%
2 - 0% - 45%
PK3 Defense
1 - 0% - 55%
2 - 0% - 45%
44 Forward
1 - 61% - 55% - 1:12
2 - 39% - 45% - 0:47
44 Defense
1 - 65% - 55% - 1:17
2 - 35% - 45% - 0:42
Last Minute Offensive  - 0:00
Last Minute Defensive  - 0:00
Total
Forward - 60:00
Defense - 60:00
Play-by-Play 1st period 0:01 of 1st period - Jordan Staal wins face-off versus Jason Zucker in neutral zone. 0:06 of 1st period - Shot by Cole Perfetti. 0:06 of 1st period - Deflect By Kailer Yamamoto. 0:06 of 1st period - Stopped by Laurent Brossoit without a rebound. 0:07 of 1st period - Max Domi wins face-off versus Pierre-Edouard Bellemare in OKANAGAN RATTLESNAKES zone. 0:08 of 1st period - Shot by Mathieu Joseph. 0:08 of 1st period - Stopped by Laurent Brossoit without a rebound. 0:09 of 1st period - Tyson Jost wins face-off versus Mason Appleton in OKANAGAN RATTLESNAKES zone. 0:24 of 1st period - Shot by Tyson Jost. 0:24 of 1st period - Shot Misses the Net. 0:26 of 1st period - Shot by Jimmy Vesey. 0:26 of 1st period - Shot Misses the Net. 0:28 of 1st period - Shot by Jimmy Vesey. 0:28 of 1st period - Shot Misses the Net. 0:30 of 1st period - Shot by Jimmy Vesey. 0:30 of 1st period - Stopped by Laurent Brossoit with a rebound. 0:43 of 1st period - Shot by Patrik Laine. 0:43 of 1st period - Deflect By Jimmy Vesey. 0:43 of 1st period - Stopped by Laurent Brossoit without a rebound. 0:44 of 1st period - Pierre-Edouard Bellemare wins face-off versus Max Domi in OKANAGAN RATTLESNAKES zone. 1:11 of 1st period - Shot by Max Domi. 1:11 of 1st period - Stopped by Laurent Brossoit without a rebound. 1:12 of 1st period - Jason Zucker wins face-off versus Jordan Staal in OKANAGAN RATTLESNAKES zone. 2:17 of 1st period - Icing by Dennis Gilbert. 2:18 of 1st period - Jake Guentzel wins face-off versus Mason Appleton in OKANAGAN RATTLESNAKES zone. 3:05 of 1st period - Erik Gustafsson is hit by Blake Coleman. 3:09 of 1st period - Josh Manson is hit by Jake Guentzel and loses puck. 3:50 of 1st period - Shot by Mathieu Joseph. 3:50 of 1st period - Shot Misses the Net. 3:52 of 1st period - Shot by Max Domi. 3:52 of 1st period - Shot Misses the Net. 4:03 of 1st period - Minor Penalty to Emil Martinsen Lilleberg for High sticking. 4:04 of 1st period - Jason Zucker wins face-off versus Jordan Staal in SASKATOON DUCKS zone. 4:15 of 1st period - Shot by Colton Parayko. 4:15 of 1st period - Stopped by Karel Vejmelka without a rebound. 4:16 of 1st period - Jordan Staal wins face-off versus Blake Coleman in SASKATOON DUCKS zone. 4:27 of 1st period - Shot by Esa Lindell. 4:27 of 1st period - Stopped by Karel Vejmelka without a rebound. 4:28 of 1st period - Patrik Laine wins face-off versus Jason Zucker in SASKATOON DUCKS zone. 4:39 of 1st period - Shot by Josh Manson. 4:39 of 1st period - Shot Blocked by Andrew Peeke. 5:34 of 1st period - Shot by Colton Parayko. 5:34 of 1st period - Stopped by Karel Vejmelka with a rebound. 5:36 of 1st period - Shot by Esa Lindell. 5:36 of 1st period - Shot Blocked by Jake Sanderson. 5:38 of 1st period - Shot by Esa Lindell. 5:38 of 1st period - Shot Blocked by Jake Sanderson. 5:40 of 1st period - Shot by Colton Parayko. 5:40 of 1st period - Shot Blocked by Jake Sanderson. 5:44 of 1st period - Shot by Colton Parayko. 5:44 of 1st period - Deflect By Anders Lee. 5:44 of 1st period - Shot Misses the Net. 6:09 of 1st period - Icing by Emil Martinsen Lilleberg. 6:10 of 1st period - Pierre-Edouard Bellemare wins face-off versus Jake Guentzel in SASKATOON DUCKS zone. 6:29 of 1st period - Shot by Jake Guentzel. 6:29 of 1st period - Shot Misses the Net. 6:41 of 1st period - Shot by Blake Coleman. 6:41 of 1st period - Stopped by Karel Vejmelka with a rebound. 6:56 of 1st period - Icing by Mason Appleton. 6:57 of 1st period - Tyson Jost wins face-off versus Mason Appleton in OKANAGAN RATTLESNAKES zone. 7:07 of 1st period - Minor Penalty to Colton Parayko for Slashing. 7:08 of 1st period - Kevin Labanc wins face-off versus Jordan Staal in OKANAGAN RATTLESNAKES zone. 7:08 of 1st period - Kevin Labanc is hit by Jordan Staal. 7:42 of 1st period - Off-side. 7:43 of 1st period - Max Domi wins face-off versus Austin Poganski in neutral zone. 8:15 of 1st period - Shot by Jake Sanderson. 8:15 of 1st period - Stopped by Laurent Brossoit with a rebound. 8:17 of 1st period - Shot by Max Domi. 8:17 of 1st period - Shot Misses the Net. 8:19 of 1st period - Shot by Max Domi. 8:19 of 1st period - Shot Misses the Net. 9:32 of 1st period - Shot by Blake Coleman. 9:32 of 1st period - Shot Misses the Net. 10:04 of 1st period - Shot by Jimmy Vesey. 10:04 of 1st period - Shot Misses the Net. 10:06 of 1st period - Shot by Tyson Jost. 10:06 of 1st period - Stopped by Laurent Brossoit with a rebound. 10:08 of 1st period - Shot by Jimmy Vesey. 10:08 of 1st period - Stopped by Laurent Brossoit with a rebound. 10:23 of 1st period - Off-side. 10:24 of 1st period - Jordan Staal wins face-off versus Shane Wright in neutral zone. 10:31 of 1st period - Shot by Andrew Peeke. 10:31 of 1st period - Shot Blocked by Esa Lindell. 10:53 of 1st period - Shot by Anders Lee. 10:53 of 1st period - Shot Blocked by Jordan Staal. 11:31 of 1st period - Off-side. 11:32 of 1st period - Max Domi wins face-off versus Mason Appleton in neutral zone. 11:49 of 1st period - Shot by Mason Appleton. 11:49 of 1st period - Shot Misses the Net. 11:55 of 1st period - Shot by Mason Appleton. 11:55 of 1st period - Stopped by Karel Vejmelka without a rebound. 11:56 of 1st period - Tyson Jost wins face-off versus Tomas Tatar in SASKATOON DUCKS zone. 12:05 of 1st period - Alex Goligoski is hit by Blake Coleman and loses puck. 13:10 of 1st period - Shot by Colton Parayko. 13:10 of 1st period - Stopped by Karel Vejmelka with a rebound. 13:21 of 1st period - Off-side. 13:22 of 1st period - Blake Coleman wins face-off versus Jordan Staal in neutral zone. 13:26 of 1st period - Off-side. 13:27 of 1st period - Jordan Staal wins face-off versus Shane Wright in neutral zone. 13:29 of 1st period - Off-side. 13:30 of 1st period - Jason Zucker wins face-off versus Max Domi in neutral zone. 13:59 of 1st period - Icing by Andrew Peeke. 14:00 of 1st period - Pierre-Edouard Bellemare wins face-off versus Max Domi in SASKATOON DUCKS zone. 14:44 of 1st period - Shot by Cole Perfetti. 14:44 of 1st period - Shot Misses the Net. 14:46 of 1st period - Shot by Jordan Staal. 14:46 of 1st period - Shot Misses the Net. 14:48 of 1st period - Shot by Jake Sanderson. 14:48 of 1st period - Shot Blocked by Esa Lindell. 15:15 of 1st period - Icing by Andrew Peeke. 15:16 of 1st period - Jason Zucker wins face-off versus Jake Guentzel in SASKATOON DUCKS zone. 15:33 of 1st period - Shot by Jason Zucker. 15:33 of 1st period - Stopped by Karel Vejmelka without a rebound. 15:34 of 1st period - Tyson Jost wins face-off versus Mason Appleton in SASKATOON DUCKS zone. 15:45 of 1st period - Shot by Patrik Laine. 15:45 of 1st period - Shot Misses the Net. 16:03 of 1st period - Mason Appleton is hit by Patrik Laine and loses puck. 16:35 of 1st period - Shot by Anders Lee. 16:35 of 1st period - Goal by Anders Lee - OKANAGAN RATTLESNAKES : 1 - SASKATOON DUCKS : 0. 16:36 of 1st period - Jordan Staal wins face-off versus Tomas Tatar in neutral zone. 17:00 of 1st period - Off-side. 17:01 of 1st period - Max Domi wins face-off versus Jason Zucker in neutral zone. 17:01 of 1st period - Max Domi is hit by Jason Zucker. 17:13 of 1st period - Shot by Max Domi. 17:13 of 1st period - Shot Misses the Net. 17:51 of 1st period - Off-side. 17:52 of 1st period - Jordan Staal wins face-off versus Pierre-Edouard Bellemare in neutral zone. 18:11 of 1st period - Shot by Blake Coleman. 18:11 of 1st period - Stopped by Karel Vejmelka without a rebound. 18:12 of 1st period - Mason Appleton wins face-off versus Jake Guentzel in SASKATOON DUCKS zone. 18:13 of 1st period - Shot by Kevin Labanc. 18:13 of 1st period - Shot Misses the Net. 18:15 of 1st period - Shot by Olli Maatta. 18:15 of 1st period - Goal by Olli Maatta - OKANAGAN RATTLESNAKES : 2 - SASKATOON DUCKS : 0. 18:16 of 1st period - Kevin Labanc wins face-off versus Jake Guentzel in neutral zone. 18:48 of 1st period - Shot by Mason Appleton. 18:48 of 1st period - Deflect By Kevin Labanc. 18:48 of 1st period - Stopped by Karel Vejmelka without a rebound. 18:49 of 1st period - Jordan Staal wins face-off versus Pierre-Edouard Bellemare in SASKATOON DUCKS zone. 18:55 of 1st period - Icing by Cole Perfetti. 18:56 of 1st period - Jordan Staal wins face-off versus Jason Zucker in SASKATOON DUCKS zone. 18:56 of 1st period - Cole Perfetti is hit by Anders Lee and loses puck. 19:15 of 1st period - Shot by Jason Zucker. 19:15 of 1st period - Shot Blocked by Andrew Peeke. 19:46 of 1st period - Jason Zucker is hit by Jordan Staal and loses puck. Goals for this period are 2 for OKANAGAN RATTLESNAKES vs 0 for SASKATOON DUCKS. Shots for this period are 11 for OKANAGAN RATTLESNAKES vs 8 for SASKATOON DUCKS. 2nd period 0:01 of 2nd period - Jason Zucker wins face-off versus Max Domi in neutral zone. 0:01 of 2nd period - Jason Zucker is hit by Mathieu Joseph. 0:21 of 2nd period - Jason Zucker is hit by Jake Sanderson and loses puck. 0:39 of 2nd period - Anders Lee is hit by Jake Sanderson and loses puck. 0:58 of 2nd period - Shot by Blake Coleman. 0:58 of 2nd period - Stopped by Karel Vejmelka with a rebound. 1:03 of 2nd period - Blake Coleman is hit by Jake Sanderson and loses puck. 1:24 of 2nd period - Shot by Sheldon Dries. 1:24 of 2nd period - Stopped by Karel Vejmelka without a rebound. 1:25 of 2nd period - Mason Appleton wins face-off versus Jordan Staal in SASKATOON DUCKS zone. 1:44 of 2nd period - Shot by Kailer Yamamoto. 1:44 of 2nd period - Shot Blocked by Kevin Labanc. 1:52 of 2nd period - Shot by Kailer Yamamoto. 1:52 of 2nd period - Shot Misses the Net. 2:02 of 2nd period - Shot by Kevin Labanc. 2:02 of 2nd period - Stopped by Karel Vejmelka without a rebound. 2:03 of 2nd period - Tyson Jost wins face-off versus Jason Zucker in SASKATOON DUCKS zone. 2:30 of 2nd period - Shot by Anders Lee. 2:30 of 2nd period - Shot Blocked by Jake Sanderson. 2:32 of 2nd period - Shot by Josh Manson. 2:32 of 2nd period - Stopped by Karel Vejmelka without a rebound. 2:33 of 2nd period - Jake Guentzel wins face-off versus Blake Coleman in SASKATOON DUCKS zone. 2:42 of 2nd period - Shot by Jake Guentzel. 2:42 of 2nd period - Stopped by Laurent Brossoit with a rebound. 3:19 of 2nd period - Icing by Esa Lindell. 3:20 of 2nd period - Pierre-Edouard Bellemare wins face-off versus Tyson Jost in OKANAGAN RATTLESNAKES zone. 3:53 of 2nd period - Shot by Jake Sanderson. 3:53 of 2nd period - Stopped by Laurent Brossoit without a rebound. 3:54 of 2nd period - Kailer Yamamoto wins face-off versus Mason Appleton in OKANAGAN RATTLESNAKES zone. 4:16 of 2nd period - Shot by Cole Perfetti. 4:16 of 2nd period - Stopped by Laurent Brossoit with a rebound. 4:18 of 2nd period - Shot by Cole Perfetti. 4:18 of 2nd period - Stopped by Laurent Brossoit with a rebound. 4:20 of 2nd period - Shot by Kailer Yamamoto. 4:20 of 2nd period - Shot Misses the Net. 5:22 of 2nd period - Jordan Harris is hit by Tyson Jost and loses puck. 6:16 of 2nd period - Icing by Alex Goligoski. 6:17 of 2nd period - Jason Zucker wins face-off versus Jake Guentzel in SASKATOON DUCKS zone. 6:34 of 2nd period - Shot by Carson Soucy. 6:34 of 2nd period - Deflect By Anders Lee. 6:34 of 2nd period - Shot Misses the Net. 6:47 of 2nd period - Alex Goligoski is hit by Josh Manson and loses puck. 7:13 of 2nd period - Erik Gustafsson is hit by Anders Lee and loses puck. 7:22 of 2nd period - Minor Penalty to Jason Zucker for Hooking. 7:23 of 2nd period - Jordan Staal wins face-off versus Blake Coleman in OKANAGAN RATTLESNAKES zone. 7:35 of 2nd period - Shot by Erik Gustafsson. 7:35 of 2nd period - Stopped by Laurent Brossoit with a rebound. 7:37 of 2nd period - Shot by Jordan Staal. 7:37 of 2nd period - Shot Misses the Net. 7:39 of 2nd period - Shot by Andrew Peeke. 7:39 of 2nd period - Shot Blocked by Esa Lindell. 8:20 of 2nd period - Shot by Jake Sanderson. 8:20 of 2nd period - Stopped by Laurent Brossoit with a rebound. 9:32 of 2nd period - Emil Martinsen Lilleberg is hit by Tomas Tatar and loses puck. 9:37 of 2nd period - Shot by Blake Coleman. 9:37 of 2nd period - Shot Misses the Net. 9:39 of 2nd period - Shot by Carson Soucy. 9:39 of 2nd period - Shot Misses the Net. 9:49 of 2nd period - Shot by Tomas Tatar. 9:49 of 2nd period - Stopped by Karel Vejmelka with a rebound. 10:58 of 2nd period - Icing by Arber Xhekaj. 10:59 of 2nd period - Pierre-Edouard Bellemare wins face-off versus Jordan Staal in OKANAGAN RATTLESNAKES zone. 10:59 of 2nd period - Pierre-Edouard Bellemare is hit by Jordan Staal. 11:14 of 2nd period - Pierre-Edouard Bellemare is hit by Jake Sanderson and loses puck. 11:27 of 2nd period - Shot by Cole Perfetti. 11:27 of 2nd period - Stopped by Laurent Brossoit without a rebound. 11:28 of 2nd period - Jake Guentzel wins face-off versus Jason Zucker in OKANAGAN RATTLESNAKES zone. 11:50 of 2nd period - Icing by Jordan Har